 Dungeon Crawl Stone Soup version 0.30.0-29-ga12c61a403 (webtiles) character file.

Game seed: 10056406438121333180

128 TrilBe the Sneak (level 5, -2/26 (28) HPs)
             Began as a Kobold Enchanter on June 11, 2023.
             Slain by a wight
             ... wielding a +0 dire flail
              (9 damage)
             ... on level 4 of the Dungeon.
             The game lasted 00:07:39 (3000 turns).

TrilBe the Sneak (Kobold Enchanter)                 Turns: 3000, Time: 00:07:40

HP:   -2/26 (28)    AC:  7    Str: 11    XL:     5   Next: 33%
MP:   9/9           EV: 20    Int: 18    God:
Gold: 212           SH:  0    Dex: 16    Spells: 7/9 levels left

rFire   . . .        a - +1 dagger (speed)
rCold   . . .        (no shield)
rNeg    . . .        b - +0 robe
rPois   .            s - +1 hat
rElec   .            t - +2 cloak
rCorr   .            (no gloves)
SInv    .            q - +0 pair of boots
Will    .....        (no amulet)
Stlth   ++++         n - +5 ring of evasion
HPRegen 0.24/turn    k - +6 ring of strength
MPRegen 0.11/turn

%: no passive effects
@: drained
A: small, no large weapons, nightstalker 3
a: no special abilities


You were on level 4 of the Dungeon.
You visited 1 branch of the dungeon, and saw 4 of its levels.

You collected 212 gold pieces.

Inventory:

Hand Weapons
 a - a +1 dagger of speed (weapon)
 u - the +0 hammer of TrilBe's Instant Death {heavy, rPois MP+9 Str+4 Int-3}
   (You found it on level 3 of the Dungeon)

   Str:       It affects your strength (+4).
   Int:       It affects your intelligence (-3).
   rPois:     It protects you from poison.
   MP:        It affects your magic capacity (+9).
Armour
 b - a +0 robe (worn)
 q - a +0 pair of boots (worn)
 s - a +1 hat (worn)
 t - a +2 cloak (worn)
Jewellery
 f - an amulet of guardian spirit
 k - a +6 ring of strength (right hand)
 n - a +5 ring of evasion (left hand)
Scrolls
 d - a scroll of torment {unknown}
 e - 2 scrolls of fear {unknown}
 j - 3 scrolls of identify {unknown}
 l - 2 scrolls of noise {unknown}
 p - 2 scrolls of teleportation {unknown}
 r - a scroll of magic mapping {unknown}
Potions
 c - 2 potions of invisibility
 g - 3 potions of mutation {unknown}
 h - a potion of ambrosia {unknown}
 i - 2 potions of brilliance {unknown}
 m - a potion of flight {unknown}
 o - a potion of heal wounds {unknown}


   Skills:
 + Level 2.8 Short Blades
 + Level 3.3 Dodging
 + Level 4.8 Stealth
 + Level 2.9 Spellcasting
 * Level 4.0 Hexes


You had 7 spell levels left.
You knew the following spells:

 Your Spells              Type           Power      Damage    Failure   Level
a - Ensorcelled Hibernat  Hex/Ice        18%        N/A       11%         2

Your spell library contained the following spells:

 Spells                   Type           Power      Damage    Failure   Level
 Confusing Touch          Hex            17%        N/A       10%         3
 Tukima's Dance           Hex            17%        N/A       10%         3
 Dazzling Flash           Conj/Hex       18%        N/A       22%         3


Dungeon Overview and Level Annotations

Branches:
Dungeon (4/15)
 Temple: D:4-7

Altars:
Cheibriados
Fedhas


Innate Abilities, Weirdness & Mutations

You are small and have problems with some larger weapons.
You are completely attuned to the shadows.


Message History

The goblin shoots a sling bullet.
The sling bullet closely misses you. The wight attacks as you move away!
The wight completely misses you.
The goblin unwields a +0 sling.
The goblin wields a +0 dagger.
The goblin misses you.
Casting: Ensorcelled Hibernation (safe; 11% risk of failure)
Confirm with . or Enter, or press ? or * to list all spells.
Aiming: Ensorcelled Hibernation (safe; 11% risk of failure)
Press: ? - help, Shift-Dir - straight line, f - goblin
Aim: a goblin, wielding a +0 dagger (moderately wounded, chance to affect: 61%)
The goblin looks drowsy...
The wight misses you.
The helpless goblin fails to defend itself.
You impale the goblin!!
You kill the goblin!
The wight attacks as you move away! The wight misses you.
Things that are here:
a +0 dagger; a +0 sling The wight attacks as you move away!
The wight barely misses you. The wight attacks as you move away!
The wight closely misses you. The wight attacks as you move away!
The wight misses you.
Things that are here:
a +0 dagger; a +0 sling
Things that are here:
a +0 dagger; a +0 sling The wight attacks as you move away!
The wight barely misses you. The wight attacks as you move away!
The wight barely misses you. The wight attacks as you move away!
The wight closely misses you.
Things that are here:
a +0 dagger; a +0 sling The wight attacks as you move away!
The wight misses you. The wight attacks as you move away! The wight misses you.
The wight attacks as you move away! The wight closely misses you.
The wight attacks as you move away!
The wight hits you with a +0 dire flail!
* * * LOW HITPOINT WARNING * * *
Things that are here:
a +0 dagger; a +0 sling The wight attacks as you move away!
The wight closely misses you. The wight attacks as you move away!
The wight hits you with a +0 dire flail!
You die...

...... #.. #
......... #.#.#
......g..#####.#.###
.........#......... #
.........#.###.#.##.#
....................#
#........#...#)#.####
#........###.#.#z..##
......).## #.#.#@...#
........# #.#.#.#..#
........# #.#......#
........# ##..##.###
####..### ........#
#..##)##.# ....#....#
.....### ####...#


You could see a wight.

Vanquished Creatures
  Crazy Yiuf (D:3)
  2 adders
  2 worms (D:3)
  11 dart slugs
  An orc (D:3)
  2 endoplasms (D:2)
  3 giant cockroaches (D:1)
  7 goblins
  5 hobgoblins
  4 kobolds
  3 quokkas
  2 ball pythons
  4 bats
  2 frilled lizards (D:1)
  6 rats
55 creatures vanquished.

Notes
Turn   | Place    | Note
-------+----------+-------------------------------------------
     0 | D:1      | TrilBe the Kobold Enchanter began the quest for the Orb.
     0 | D:1      | Reached XP level 1. HP: 10/10 MP: 3/3
   271 | D:1      | Reached XP level 2. HP: 15/15 MP: 5/5
   274 | D:1      | Learned a level 2 spell: Ensorcelled Hibernation
   836 | D:2      | Reached XP level 3. HP: 19/19 MP: 6/6
  1303 | D:2      | Found a faded altar of an unknown god.
  1311 | D:2      | You fall into a shaft and drop 2 floors!
  1542 | D:3      | Reached XP level 4. HP: 24/24 MP: 7/7
  2249 | D:3      | Found a blossoming altar of Fedhas.
  2249 | D:3      | Found a snail-covered altar of Cheibriados.
  2569 | D:3      | Found a runed translucent door.
  2572 | D:3      | Noticed Crazy Yiuf
  2798 | D:3      | Killed Crazy Yiuf
  2799 | D:3      | Reached XP level 5. HP: 28/28 MP: 9/9
  2806 | D:3      | Identified the +0 hammer of TrilBe's Instant Death {heavy,
                  | rPois MP+9 Str+4 Int-3}
  3000 | D:4      | Slain by a wight

Illustrated notes

Levels and vault maps discovered:
D:1:      dpeg_arrival_snail, layout_loops_ring
D:2:      layout_loops_ring, shapermc_ecumenical_altar_notcrosses, moated_statue
D:3:      kennysheep_slugbush, layout_basic, nicolae_overflow_two_pavilions,
          eino_tiny_chamber, uniq_crazy_yiuf_cottage
D:4:      minmay_inner_zag, layout_basic, nicolae_overflow_hidden_temple,
          nicolae_tso_carved_into_rock, kennysheep_generic_room_8

Skill      XL: |  1  2  3  4 |
---------------+-------------+-----
Short Blades   | 2 |  2.8
Dodging        | 3 |  3.3
Hexes          | 4 |  4.0
Stealth        | |  4.8
Spellcasting   | |  2.9

Action                     |  1- 3 |  4- 6 || total
---------------------------+-------+-------++-------
  Melee: Dagger            |   111 |    76 ||   187
         Punch             |     1 |       ||     1
   Cast: Ensorcelled Hiber |     4 |     8 ||    12
   Stab: Sleeping          |    19 |    13 ||    32
 Armour: Robe              |    18 |     3 ||    21
  Dodge: Dodged            |    66 |    66 ||   132
